 Dungeon Crawl Stone Soup version 0.21.0-3-g78d12a8 (webtiles) character file.

62315 HunterMK1337 the Warrior (level 15, -6/145 HPs)
             Began as a Hill Orc Fighter on Jan 15, 2018.
             Was a High Priest of Okawaru.
             Mangled by a glaive of distortion (18 damage)
             ... on level 1 of the Elven Halls.
             The game lasted 01:04:36 (23491 turns).

HunterMK1337 the Warrior (Hill Orc Fighter)        Turns: 23491, Time: 01:04:38

Health: -6/145     AC: 27    Str: 30    XL:     15   Next: 5%
Magic:  14/21      EV: 12    Int: 11    God:    Okawaru [*****.]
Gold:   2077       SH:  5    Dex: 15    Spells: 14/14 levels left

rFire    . . .     SeeInvis .   X - +0 battleaxe of Koxuptug {venom, +Inv rPois MR+}
rCold    + . .     Gourm    .   (shield currently unavailable)
rNeg     . . .     Faith    .   b - +4 plate armour of the Stars {+Fly}
rPois    +         Spirit   .   c - +2 helmet {Int+3}
rElec    .         Reflect  +   (no cloak)
rCorr    .         Harm     .   (no gloves)
MR       ++...                  (no boots)
Stlth    ..........             V - +5 amulet of reflection
HPRegen  0.34/turn              j - +2 ring of strength
MPRegen  0.17/turn              K - ring "Mitigun" {rC+ Str+4 Dex+3}

@: heroism, finesse, hasted, very quick
A: no striking features
a: Heroism, Finesse, Renounce Religion, Evoke Invisibility, Evoke Flight


You were on level 1 of the Elven Halls.
You worshipped Okawaru.
Okawaru was extremely pleased with you.
You were hungry.

You visited 5 branches of the dungeon, and saw 20 of its levels.
You visited the Abyss 1 time.
You also visited: Ossuary and Ice Cave.

You collected 2077 gold pieces.

Inventory:

Hand Weapons
 l - a +0 broad axe
 w - the +10 hand axe of the Salmon {chop, rPois rN++ Int+2 Stlth-, unknown}
   (You found it on level 2 of the Abyss)

   It inflicts extra damage upon your enemies.
   It affects your intelligence (+2).
   It protects you from poison.
   It greatly protects you from negative energy.
   It makes you less stealthy.
 Q - the +11 shortbow of Extermination {freeze, Str+2, unknown}
   (Okawaru gifted it to you on level 2 of the Orcish Mines)

   It causes projectiles fired from it to freeze those they strike, causing
   extra injury to most foes and up to half again as much damage against
   particularly susceptible opponents.
   They can also slow down cold-blooded creatures.
   It affects your strength (+2).
 X - the +0 battleaxe of Koxuptug (weapon) {venom, +Inv rPois MR+}
   (Okawaru gifted it to you on level 5 of the Lair of Beasts)

   It poisons the flesh of those it strikes.
   It protects you from poison.
   It affects your resistance to hostile enchantments.
   It lets you turn invisible.
Armour
 a - the cursed +1 scale mail of Cheibriados's Delight {Dex+5}
   (You found it in an ice cave)

   It affects your dexterity (+5).
   It has a curse placed upon it.
 b - the +4 plate armour of the Stars (worn) {+Fly}
   (You found it in an ice cave)

   It lets you fly.
 c - a +2 helmet of intelligence (worn)
 q - a +1 chain mail of cold resistance
 u - the +0 shield of the Desert {MR+ Regen+ Str+4 Slay-6, unknown}
   (Okawaru gifted it to you on level 1 of the Elven Halls)

   It affects your strength (+4).
   It affects your accuracy and damage with ranged weapons and melee attacks
   (-6).
   It affects your resistance to hostile enchantments.
   It increases your rate of regeneration.
 T - a +2 shield of cold resistance
Jewellery
 j - a +2 ring of strength (left hand)
 I - an uncursed amulet of the gourmand
 K - the ring "Mitigun" (right hand) {rC+ Str+4 Dex+3}
   (You found it on level 5 of the Lair of Beasts)

   [ring of strength]

   It affects your strength (+4).
   It affects your dexterity (+3).
   It protects you from cold.
 V - a +5 amulet of reflection (around neck)
Wands
 g - a wand of iceblast (20)
 x - a wand of flame (80)
 C - a wand of digging (17)
 H - a wand of enslavement (29)
 P - a wand of scattershot (1)
 W - a wand of polymorph (10)
Scrolls
 h - 2 scrolls of identify
 i - a scroll of teleportation
 k - 3 scrolls of magic mapping {unknown}
 p - 6 scrolls of remove curse
 r - a scroll of random uselessness {unknown}
 t - 2 scrolls of enchant armour
 v - 6 scrolls of enchant weapon
 z - 4 scrolls of noise {unknown}
 B - 3 scrolls of amnesia {unknown}
 M - 3 scrolls of fog {unknown}
 U - a scroll of brand weapon {unknown}
Potions
 d - 2 potions of might
 e - 10 potions of curing
 m - 3 potions of haste
 n - a potion of ambrosia {unknown}
 o - 6 potions of agility
 s - 6 potions of brilliance
 A - a potion of berserk rage
 D - 4 potions of invisibility
 E - a potion of cancellation {unknown}
 G - a potion of magic {unknown}
Miscellaneous
 S - a lightning rod (4/4)
Comestibles
 f - 30 rations


   Skills:
 + Level 16.5(21.5) Fighting
 - Level 14.0(19.0) Axes
 + Level 15.3(20.3) Armour
 - Level 11.4(16.4) Shields
 - Level 8.6 Invocations
 - Level 4.0 Evocations


You had 14 spell levels left.
You didn't know any spells.

Dungeon Overview and Level Annotations

Branches:
Dungeon (11/15)            Temple (1/1) D:6            Lair (5/6) D:11
  Swamp (0/4) Lair:4        Snake (0/4) Lair:4          Orc (2/2) D:11
    Elf (1/3) Orc:2
  Slime: Lair:5-6

Altars:
Ashenzari
Cheibriados
Dithmenos
Elyvilon
Fedhas
Gozag
Hepliaklqana
Kikubaaqudgha
Makhleb
Nemelex Xobeh
Okawaru
Qazlal
Ru
Sif Muna
Trog
Uskayaw
Vehumet
Wu Jian
Xom
Yredelemnul
Zin
The Shining One
Beogh
Lugonu

Shops:
D:8 =   Orc:2 :[(*

Portals:
Trove: D:11 (show abyssal rune of Zot)

Annotations:
Lair:5 exclusion: oklob plant


Message History

Welcome back to the Elven Halls!
The long sword of holy wrath hits you!
The flail of protection hits you but does no damage.
The long sword of holy wrath hits you.
* * * LOW HITPOINT WARNING * * *
Okay, then.
You gain the combat prowess of a mighty hero.
The flail of protection closely misses you.
The glaive of distortion misses you.
You can now deal lightning-fast blows.
The long sword of holy wrath hits you!
* * * LOW HITPOINT WARNING * * *
The flail of protection barely misses you.
You slash the flail of protection!
The flail of protection is heavily damaged.
You slash the long sword of holy wrath! The long sword of holy wrath hits you!
* * * LOW HITPOINT WARNING * * *
The glaive of distortion hits you from afar!
* * * LOW HITPOINT WARNING * * *
Space warps horribly around you!
You die...

## . .# #.#
###..###
#@((8..#
#(#.....#
#.###.e..#
##...###...
##.....##
$.
#.......# .
#.......#
#.......#
##)....##


You could see a deep elf mage and 3 dancing weapons.

Vanquished Creatures
  Gastronok (Lair:1)
  A ghost moth (Lair:3)
  An orc warlord (Orc:2)
  A dire elephant (Lair:4)
  A hydra (Lair:2)
  2 catoblepae (Lair:5)
  3 death yaks (Lair:5)
  2 two-headed ogres
  3 deep elf knights (Elf:1)
  4 orc high priests (Orc:2)
  2 unseen horrors (D:11)
  A deep elf archer (Elf:1)
  The ghost of p0werm0de the Fighter, a novice DsFE of Makhleb (Lair:1)
  Pikel (D:5)
  A necromancer (IceCv)
  3 orc knights
  12 deep elf magi
  2 manticores
  6 orc sorcerers (Orc:2)
  A mana viper (Abyss:2)
  An oklob plant (Lair:5)
  2 cyclopes
  9 elephants (Lair:4)
  A black mamba (Lair:1)
  5 ice statues (IceCv)
  6 spiny frogs
  2 rime drakes
  A komodo dragon (Lair:4)
  9 ice devils
  5 trolls
  2 polar bears
  A hornet (D:11)
  Grinder (D:6)
  5 hippogriffs
  A slime creature (Lair:3)
  A wyvern (Lair:4)
  A vampire (D:10)
  42 yaks
  2 basilisks
  A hungry ghost (D:7)
  Menkaure (D:5)
  A steam dragon (D:11)
  4 swamp worms (Lair:4)
  6 wargs
  A soldier ant (D:9)
  9 water moccasins
  7 porcupines
  23 orc warriors
  A swamp drake (Orc:2)
  3 ice beasts
  A sky beast (D:9)
  4 slaves (D:5)
  2 black bears
  5 phantoms
  4 wolves (Lair:2)
  13 ogres
  A necrophage (D:10)
  6 crocodiles
  10 centaurs
  12 bullfrogs
  3 elf zombies (Ossuary)
  A gnoll sergeant (D:11)
  An earth elemental (Elf:1)
  4 scorpions
  A water moccasin zombie (D:7)
  14 killer bees
  13 wights
  3 electric eels
  10 crimson imps
  A draconian simulacrum (IceCv)
  A human zombie (Ossuary)
  3 centaur zombies
  13 orc priests
  10 hounds
  A bullfrog skeleton (D:4)
  An iron imp (Orc:2)
  8 jellies (Lair:3)
  4 centaur skeletons
  19 orc wizards
  3 iguanas
  9 worker ants
  A spriggan simulacrum (IceCv)
  3 troll simulacra (IceCv)
  3 centaur simulacra (IceCv)
  A hound zombie (D:11)
  A hound skeleton (D:9)
  A howler monkey zombie (D:11)
  3 mummies (Ossuary)
  Robin (D:3)
  2 naga simulacra (IceCv)
  10 adders
  12 gnolls
  6 shadow imps
  A white imp (Orc:2)
  17 oozes
  5 adder zombies (Ossuary)
  3 worms
  A dart slug (D:1)
  A leopard gecko (D:8)
  115 orcs
  2 giant cockroaches (D:1)
  4 gnoll zombies
  16 goblins
  6 hobgoblins
  5 jackals
  6 kobolds
  8 quokkas
  11 bats
  4 frilled lizards
  A giant cockroach zombie (D:4)
  A goblin zombie (Ossuary)
  2 hobgoblin zombies (Ossuary)
  4 jackal zombies
  7 kobold zombies (Ossuary)
  2 leopard gecko skeletons
  2 orc zombies (Ossuary)
  3 quokka zombies (Ossuary)
  9 rats
  2 rat zombies (Ossuary)
  5 fungi
  2 plants (Lair:4)
673 creatures vanquished.

Vanquished Creatures (others)
  A wizard (D:3)
  A manticore (Lair:5)
  8 fungi
  3 plants
13 creatures vanquished.

Grand Total: 686 creatures vanquished

Notes
Turn   | Place    | Note
-------+----------+-------------------------------------------
     0 | D:1      | HunterMK1337 the Hill Orc Fighter began the quest for the Orb.
     0 | D:1      | Reached XP level 1. HP: 19/19 MP: 1/1
    98 | D:1      | Reached XP level 2. HP: 23/26 MP: 2/2
   267 | D:1      | Reached XP level 3. HP: 31/31 MP: 3/3
   586 | D:2      | Reached skill level 5 in Axes
   931 | D:2      | Found an ornate altar of the Wu Jian Council.
   994 | D:2      | Found a sparkling altar of Nemelex Xobeh.
  1054 | D:2      | Found a white marble altar of Elyvilon.
  1155 | D:2      | Found a sacrificial altar of Ru.
  1213 | D:2      | Found a hide-covered altar of Uskayaw.
  1215 | D:2      | Found an opulent altar of Gozag.
  1443 | D:3      | Reached XP level 4. HP: 37/39 MP: 4/4
  1587 | D:2      | Found a shimmering altar of Xom.
  1587 | D:2      | Found a bloodstained altar of Trog.
  1658 | D:3      | Noticed Robin
  1680 | D:3      | Killed Robin
  1772 | D:3      | Found a bloodstained altar of Trog.
  1773 | D:3      | Noticed a wizard
  1778 | D:3      | Killed a wizard
  1984 | D:3      | Reached XP level 5. HP: 40/45 MP: 5/5
  2380 | D:4      | Noticed a phantom
  2427 | D:4      | Killed a phantom
  2427 | D:4      | Reached XP level 6. HP: 34/51 MP: 6/6
  2739 | D:4      | Reached XP level 7. HP: 57/57 MP: 7/7
  2977 | D:4      | Reached skill level 10 in Axes
  3796 | D:5      | Entered Level 5 of the Dungeon
  3942 | D:5      | Found a basalt altar of Yredelemnul.
  3999 | D:5      | Reached XP level 8. HP: 64/64 MP: 8/8
  4050 | D:5      | Found a blossoming altar of Fedhas.
  4286 | D:5      | Noticed Menkaure
  4286 | D:5      | Noticed Pikel
  4305 | D:5      | Killed Pikel
  4305 | D:5      | Killed Menkaure
  4901 | D:5      | Reached XP level 9. HP: 55/70 MP: 9/9
  5276 | D:6      | Noticed Grinder
  5284 | D:6      | Paralysed by Grinder for 2 turns
  5287 | D:6      | Killed Grinder
  5287 | D:6      | Reached skill level 4 in Fighting
  5313 | D:6      | Found a sand-covered staircase.
  5318 | Ossuary  | Entered an ossuary
  5384 | Ossuary  | Reached skill level 5 in Fighting
  5541 | Ossuary  | Reached skill level 5 in Armour
  5663 | D:6      | Reached skill level 6 in Fighting
  5776 | D:6      | Found a staircase to the Ecumenical Temple.
  5873 | Temple   | Entered the Ecumenical Temple
  5926 | Temple   | Became a worshipper of Warmaster Okawaru
  6056 | D:6      | Found a radiant altar of Vehumet.
  6085 | D:6      | Found a sparkling altar of Nemelex Xobeh.
  6909 | D:7      | Found a shattered altar of Ashenzari.
  6966 | D:7      | Reached skill level 7 in Fighting
  7058 | D:7      | Reached * piety under Okawaru
  7328 | D:7      | Reached XP level 10. HP: 43/86 MP: 10/10
  7630 | D:8      | Reached skill level 8 in Fighting
  7665 | D:8      | Found Beesunal's Jewellery Emporium.
  7767 | D:8      | Reached skill level 5 in Shields
  8257 | D:9      | Found an ancient bone altar of Kikubaaqudgha.
  8267 | D:9      | Found a stormy altar of Qazlal.
  8478 | D:9      | Found a shadowy altar of Dithmenos.
  8529 | D:9      | Reached ** piety under Okawaru
  9369 | D:9      | Reached skill level 9 in Fighting
  9370 | D:9      | Found a roughly hewn altar of Beogh.
  9954 | D:9      | Found a glowing golden altar of the Shining One.
 10119 | D:10     | Entered Level 10 of the Dungeon
 10668 | D:10     | Reached *** piety under Okawaru
 10668 | D:10     | Reached XP level 11. HP: 96/99 MP: 11/11
 10695 | D:10     | Reached skill level 10 in Fighting
 10801 | D:10     | Noticed a two-headed ogre
 10810 | D:10     | Killed a two-headed ogre
 10810 | D:10     | Reached **** piety under Okawaru
 11587 | D:11     | Found a staircase to the Orcish Mines.
 11645 | D:11     | Killed an unseen horror
 11645 | D:11     | Reached ***** piety under Okawaru
 11645 | D:11     | Reached skill level 10 in Armour
 11673 | D:11     | Reached skill level 11 in Fighting
 12300 | D:11     | Found a portal to a secret trove of treasure.
 12403 | D:11     | Got a twisted scimitar
 12421 | D:11     | Found a staircase to the Lair.
 12434 | D:11     | Noticed a manticore
 12450 | D:11     | Killed a manticore
 12450 | D:11     | Received a gift from Okawaru
 12710 | D:11     | Killed an unseen horror
 12710 | D:11     | Reached skill level 1 in Invocations
 12710 | D:11     | Reached XP level 12. HP: 51/110 MP: 9/13
 13214 | Lair:1   | Entered Level 1 of the Lair of Beasts
 13276 | Lair:1   | Noticed p0werm0de's ghost (novice DsFE)
 13290 | Lair:1   | Killed p0werm0de's ghost
 13292 | Lair:1   | Noticed Gastronok
 13307 | Lair:1   | Killed Gastronok
 13307 | Lair:1   | Reached skill level 5 in Invocations
 13651 | Lair:1   | Reached skill level 12 in Fighting
 13807 | Lair:1   | Reached skill level 10 in Shields
 15074 | Lair:2   | Noticed a four-headed hydra
 15080 | Lair:2   | Killed a five-headed hydra
 16059 | Lair:3   | Reached XP level 13. HP: 116/119 MP: 19/19
 16367 | Lair:3   | Killed a ghost moth
 16367 | Lair:3   | Received a gift from Okawaru
 16367 | Lair:3   | Reached skill level 1 in Evocations
 17004 | Lair:4   | Found a staircase to the Snake Pit.
 17038 | Lair:4   | Reached skill level 13 in Fighting
 17141 | Lair:4   | Noticed a dire elephant
 17163 | Lair:4   | Killed a dire elephant
 17833 | Lair:4   | Found a staircase to the Swamp.
 17936 | Lair:5   | Received a gift from Okawaru
 17941 | Lair:5   | Got a shimmering battleaxe {god gift}
 17952 | Lair:5   | Identified the +0 battleaxe of Koxuptug {venom, +Inv rPois MR+} (Okawaru gifted it to you on level 5 of the Lair of Beasts)
 18146 | Lair:5   | Found a frozen archway.
 18176 | IceCv    | Entered an ice cave
 18726 | IceCv    | Reached skill level 14 in Fighting
 19106 | IceCv    | Reached XP level 14. HP: 92/132 MP: 20/20
 19257 | IceCv    | Got a jewelled scale mail
 19261 | IceCv    | Got a transparent plate armour
 19415 | IceCv    | Identified the +4 plate armour of the Stars {+Fly} (You found it in an ice cave)
 19432 | IceCv    | Identified the cursed +1 scale mail of Cheibriados's Delight {Dex+5} (You found it in an ice cave)
 20027 | Lair:5   | Got a clouded ivory ring
 20030 | Lair:5   | Identified the ring "Mitigun" {rC+ Str+4 Dex+3} (You found it on level 5 of the Lair of Beasts)
 20203 | Orc:1    | Entered Level 1 of the Orcish Mines
 20505 | Orc:2    | Entered Level 2 of the Orcish Mines
 20585 | Orc:2    | Found Ipyjacwa's Antique Armour Shop.
 20598 | Orc:2    | Reached skill level 15 in Fighting
 20992 | Orc:2    | Found a staircase to the Elven Halls.
 21251 | Orc:2    | Noticed an orc warlord
 21251 | Orc:2    | Found Estrevom's Antique Weapon Boutique.
 21272 | Orc:2    | Killed an orc warlord
 21603 | Orc:2    | Found Atuph's General Store.
 21611 | Orc:2    | Received a gift from Okawaru
 21939 | Orc:2    | Got a warped shortbow {god gift}
 22000 | Orc:2    | Found Soshayfa's Book Emporium.
 22270 | Orc:1    | Found a burning altar of Makhleb.
 22274 | Orc:1    | Reached skill level 16 in Fighting
 22848 | Elf:1    | Entered Level 1 of the Elven Halls
 22882 | Elf:1    | Reached skill level 15 in Armour
 23248 | Elf:1    | Reached XP level 15. HP: 93/145 MP: 21/21
 23305 | Elf:1    | Received a gift from Okawaru
 23306 | Elf:1    | Got a smoking shield {god gift}
 23413 | Elf:1    | Cast into level 2 of the Abyss (glaive of distortion)
 23418 | Abyss:2  | Got a bloodstained hand axe
 23444 | Abyss:2  | Found a corrupted altar of Lugonu.
 23488 | Elf:1    | Escaped the Abyss
 23491 | Elf:1    | Mangled by a glaive of distortion

Skill      XL: |  1  2  3  4  5  6  7  8  9 10 11 12 13 14 |
---------------+-------------------------------------------+-----
Axes           | 3 4 5 6 8 9 11 14 | 14.0
Fighting       | 7 9 11 12 14 16 | 16.5
Armour         | 6 8 10 11 13 15 | 15.3
Shields        | 4 7 9 10 11 | 11.4
Invocations    | 1 8 |  8.6
Evocations     | 4 |  4.0

Action                   |  1- 3 |  4- 6 |  7- 9 | 10-12 | 13-15 || total
-------------------------+-------+-------+-------+-------+-------++-------
Melee: War axe           |   115 |       |       |       |       ||   115
       Broad axe         |    17 |   177 |   428 |   949 |   366 ||  1937
       Battleaxe         |       |       |       |       |   336 ||   336
Invok: Heroism           |       |       |       |    10 |    14 ||    24
       Finesse           |       |       |       |     1 |    11 ||    12
Evoke: Wand              |       |       |       |     2 |     9 ||    11
       Lightning rod     |       |       |       |     4 |     1 ||     5
  Use: Scroll            |     6 |     2 |     5 |     7 |     7 ||    27
       Potion            |       |       |     2 |     4 |     4 ||    10
  Eat: Chunk             |     1 |     3 |    11 |    29 |    14 ||    58
       Ration            |       |     1 |     2 |       |     3 ||     6
Armor: Scale mail        |    60 |    62 |       |       |       ||   122
       Chain mail        |       |    43 |   202 |   221 |    27 ||   493
       Plate armour      |       |       |       |   128 |   270 ||   398
Dodge: Dodged            |    47 |    57 |    75 |   170 |   175 ||   524
Block: Shield            |    78 |   102 |   179 |   598 |   268 ||  1225
       Other             |       |       |       |       |    63 ||    63
       Reflection        |       |       |       |       |     9 ||     9
